 Dungeon Crawl Stone Soup version 0.23-a0-582-g1b4a0ca2fb (webtiles) character file.

411487 Zazzi the Earth Mage (level 23, -1/144 HPs)
             Began as a Gargoyle Earth Elementalist on Dec 15, 2018.
             Was the Champion of Vehumet.
             Slain by a ghost moth (7 damage)
             ... on level 4 of the Depths on Dec 16, 2018.
             The game lasted 03:56:46 (62007 turns).

Zazzi the Earth Mage (Gargoyle Earth Elementalist) Turns: 62007, Time: 03:56:53

Health: -1/144     AC: 32    Str: 14    XL:     23   Next: 51%
Magic:  41/50      EV: 18    Int: 27    God:    Vehumet [******]
Gold:   3443       SH: 18    Dex: 10    Spells: 19/50 levels left

rFire    + . .     SeeInvis +   Q - +9 morningstar (crush)
rCold    . . .     Gourm    .   u - +1 shield
rNeg     + . .     Faith    .   a - +1 robe "Puna" {rF+ Slay+2}
rPois    ∞         Spirit   .   U - +2 helmet {SInv}
rElec    +         Reflect  .   H - scarf {cloud immunity}
rCorr    .         Harm     .   x - +2 pair of gloves
MR       +....     Clarity  +   E - +2 pair of boots
Stlth    ++........             f - amulet of regeneration
HPRegen  0.74/turn              O - +3 ring of intelligence
MPRegen  0.32/turn              t - ring of magical power

@: about to teleport, very slightly contaminated, invisible
A: big wings, large bone plates 1, molten scales 1, clarity, negative energy
resistance 1, electricity resistance, unbreathing, petrification resistance, rot
immunity, AC +17
}: 2/15 runes: decaying, serpentine
a: Fly, Renounce Religion


You were on level 4 of the Depths.
You worshipped Vehumet.
Vehumet was exalted by your worship.
You were very full.

You visited 8 branches of the dungeon, and saw 40 of its levels.
You visited 1 bazaar.
You also visited: Sewer and Ice Cave.

You collected 5094 gold pieces.
You spent 1651 gold pieces at shops.

Inventory:

Hand Weapons
 Q - a +9 morningstar of crushing (weapon)
 V - a +1 demon whip of draining
Missiles
 b - 577 stones (quivered)
Armour
 a - the +1 robe "Puna" (worn) {rF+ Slay+2}
   (You found it on level 1 of the Swamp)

   It affects your accuracy and damage with ranged weapons and melee attacks
   (+2).
   It protects you from fire.
 u - a +1 shield (worn)
 x - a +2 pair of gloves (worn)
 E - a +2 pair of boots (worn)
 H - a scarf of cloud immunity (worn)
 I - a +2 robe of magic resistance
 U - a +2 helmet of see invisible (worn)
Magical Staves
 M - an uncursed staff of air
 T - an uncursed staff of conjuration
Jewellery
 f - an amulet of regeneration (around neck)
 h - an uncursed ring of resist corrosion
 k - an uncursed ring of see invisible
 t - a ring of magical power (right hand)
 D - a +5 amulet of reflection
 O - a +3 ring of intelligence (left hand)
Wands
 i - a wand of paralysis (8)
 l - a wand of disintegration (22)
 y - a wand of enslavement (6)
 A - a wand of acid (10)
 G - a wand of iceblast (16)
 R - a wand of polymorph (26)
Scrolls
 c - 3 scrolls of fear
 g - 21 scrolls of remove curse
 j - a scroll of silence
 o - 8 scrolls of amnesia
 q - 4 scrolls of teleportation
 s - 9 scrolls of magic mapping
 J - 3 scrolls of fog
 L - 30 scrolls of identify
 W - a scroll of summoning
Potions
 e - 6 potions of brilliance
 m - 13 potions of curing
 n - 2 potions of cancellation
 p - 2 potions of berserk rage
 r - a potion of invisibility
 v - a potion of heal wounds
 z - 2 potions of agility
 B - 6 potions of lignification
 C - a potion of ambrosia
 N - a potion of magic
 P - a potion of haste
 S - 3 potions of mutation
Miscellaneous
 F - a phantom mirror
 K - a lightning rod (4/4)
Comestibles
 d - 43 rations


   Skills:
 - Level 15.0 Fighting
 - Level 14.0 Maces & Flails
 - Level 6.0 Armour
 + Level 12.9 Dodging
 - Level 2.1 Stealth
 - Level 15.0 Shields
 + Level 14.4 Spellcasting
 - Level 15.0 Conjurations
   Level 0.7 Transmutations
 + Level 14.6 Fire Magic
 + Level 18.1 Earth Magic
 - Level 6.0 Evocations


You had 19 spell levels left.
You knew the following spells:

 Your Spells              Type           Power        Failure   Level  Hunger
a - Sandblast             Erth           ######       0%          1    None
b - Stone Arrow           Conj/Erth      ######       0%          3    None
c - Lee's Rapid Deconstr  Erth           #######...   1%          5    #......
d - Iron Shot             Conj/Erth      #######...   1%          6    ####...
e - Venom Bolt            Conj/Pois      ######....   1%          5    #......
f - Bolt of Fire          Conj/Fire      #######...   1%          6    ####...
g - Bolt of Magma         Conj/Fire/Erth #######...   1%          5    #......

Your spell library contained the following spells:

 Spells                   Type           Power        Failure   Level  Hunger
 Fire Storm               Conj/Fire      #######...   80%         9    #######
 Chain Lightning          Conj/Air       ######....   87%         8    #######
 Tornado                  Air            ###.......   100%        9    #######
 Magic Dart               Conj           ####         0%          1    None
 Conjure Flame            Conj/Fire      #######.     0%          3    None
 Passwall                 Tmut/Erth      ######..     1%          2    None
 Dazzling Spray           Conj/Hex       ######       1%          3    None
 Mephitic Cloud           Conj/Pois/Air  #####...     1%          3    None
 Leda's Liquefaction      Hex/Erth       ######....   1%          4    None
 Petrify                  Tmut/Erth      ######..     1%          4    None
 Irradiate                Conj/Tmut      ######....   1%          5    #......
 Iskenderun's Battlesphe  Conj/Chrm      ######..     1%          5    #......
 Animate Skeleton         Necr           N/A          2%          1    None
 Apportation              Tloc           ###...       2%          1    None
 Confusing Touch          Hex            ###...       2%          1    None
 Corona                   Hex            ###....      2%          1    None
 Summon Small Mammal      Summ           ###.         2%          1    None
 Blink                    Tloc           N/A          4%          2    None
 Call Imp                 Summ           ###.....     4%          2    None
 Ensorcelled Hibernation  Hex/Ice        ###...       4%          2    None
 Poisonous Vapours        Pois/Air       ###...       4%          2    None
 Slow                     Hex            ###.....     4%          2    None
 Call Canine Familiar     Summ           ###.....     9%          3    None
 Confuse                  Hex            ###.....     9%          3    None
 Summon Guardian Golem    Hex/Summ       ###.....     9%          3    None
 Tukima's Dance           Hex            ###.....     9%          3    None
 Freezing Cloud           Conj/Ice/Air   #####.....   14%         6    ####...
 Yara's Violent Unravell  Hex/Tmut       ###.......   17%         5    #......
 Cause Fear               Hex            ###.......   26%         4    None
 Summon Ice Beast         Ice/Summ       ###.....     26%         4    None
 Summon Lightning Spire   Summ/Air       ###.....     26%         4    None
 Shatter                  Erth           #######...   36%         9    #######
 Excruciating Wounds      Chrm/Necr      ###.......   58%         5    #......
 Silence                  Hex/Air        ###.......   58%         5    #......
 Ring of Flames           Chrm/Fire      ######....   75%         7    ######.
 Hydra Form               Tmut           ###.......   97%         6    ####...
 Deflect Missiles         Chrm/Air       ###.......   99%         6    ####...
 Dragon Form              Tmut           ###.......   100%        7    ######.
 Discord                  Hex            ###.......   100%        8    #######
 Statue Form              Tmut/Erth      Unusable     N/A         6    N/A

Dungeon Overview and Level Annotations

Branches:
Dungeon (15/15)            Temple (1/1) D:4            Lair (6/6) D:10
  Swamp (4/4) Lair:4        Snake (4/4) Lair:3        Slime (0/5) Lair:6
    Orc (2/2) D:10            Elf (0/3) Orc:2        Vaults (4/5) D:13
  Crypt (0/3) Vaults:2     Depths (4/5) D:15

Altars:
Ashenzari
Cheibriados
Dithmenos
Elyvilon
Fedhas
Gozag
Hepliaklqana
Kikubaaqudgha
Makhleb
Nemelex Xobeh
Okawaru
Qazlal
Ru
Sif Muna
Trog
Uskayaw
Vehumet
Wu Jian
Xom
Yredelemnul
Zin
The Shining One
Beogh
Jiyva

Shops:
D:8 ?   D:12 :   Orc:2 =*[(   Snake:2 =}=   Vaults:1 ((**   Depths:3 (*?}

Portals:
Hell: Depths:1 Depths:2 Depths:3
Abyss: Depths:3
Pandemonium: Depths:3
Ziggurat: Depths:3

Annotations:
Vaults:4 Boris; Wamu's ghost, veteran GnSk


Innate Abilities, Weirdness & Mutations

You are resistant to torment.
Your stone body is resilient. (AC +17)
You are immune to poison.
Your large and strong wings let you fly indefinitely.
You resist negative energy. (rN+)
You are resistant to electric shocks. (rElec)
You can survive without breathing.
You are immune to petrification.
You are immune to rotting.
You are partially covered in large bone plates. (SH +4)
You are partially covered in molten scales. (AC +2)
You possess an exceptional clarity of mind.


Message History

You feel much better. You block the ghost moth's attack. x3
The lorocyproca completely misses you.
The spriggan air mage waves its arms in wide circles.
The air twists around and strikes you! The ghost moth misses you.
You block the ghost moth's attack. x2
You fade into invisibility!
The ghost moth hits you.
* * * LOW HITPOINT WARNING * * *
You block the ghost moth's attack.
The ghost moth stings you but does no damage.
The lorocyproca misses you.
Unknown command.
As you read the scroll of teleportation, it crumbles to dust.
You feel strangely unstable.
The spriggan air mage waves its arms in wide circles.
The air twists around and strikes you!
* * * LOW HITPOINT WARNING * * *
The ghost moth completely misses you. You block the ghost moth's attack.
The ghost moth stings you!
You die...

*,,,,,,,,,,,*,,,*
*,*,,,#..,*,+,*,*
*,,,,,...,,,*,,,*
##+##...#*,**,,,***
#...#..,*,,,,,,,,,,
#.#...*,*,*,,,*,,,* ***
#...#,,,*,,,,,,,,,, ****≈**
#####.y.#####****,,,*** ,,*,,,*
#....i@.....#,,,*,,,* *,,,,,*
#.#.Z2#y..#[#,*,,,*,* ,,*,,,*
#....D......#,,,*,,,*
***,..######'##...#####,,,**+**
,,,,......#...#...#,,,,,,,,,,,*
<,,,*,,,#.....#.<.#,*,,,*,,,*,*
,,,,......#Z..#.$.#,,,,,,,,,,,*
###,..#####...#####****,,,*****
..#,,,#...........#,,,*,,,*


You could see a shadow dragon, a lorocyproca (invisible), 2 ghost moths, a
spriggan air mage and a juggernaut simulacrum.

Vanquished Creatures
  A juggernaut (Depths:2)
  Vashnia (Snake:2)
  A caustic shrike (Depths:2)
  3 liches
  2 tentacled monstrosities
  Rupert (Snake:1)
  A titan (Depths:2)
  The ghost of Allula97 the Imperceptible, an adept SpEn of Ashenzari (Snake:3)
  A sphinx (Depths:4)
  A shadow dragon (Depths:2)
  2 storm dragons
  Kirke (Swamp:1)
  4 thorn hunters
  11 nagarajas
  3 tengu reavers
  2 azure jellies (Swamp:4)
  Roxanne (Swamp:1)
  A revenant (Vaults:4)
  2 deep elf sorcerers
  9 fire giants
  10 vault wardens
  3 iron dragons
  A balrug (Depths:3)
  An orc warlord (Orc:2)
  7 frost giants
  14 stone giants
  An entropy weaver (Vaults:1)
  2 war gargoyles (Depths:4)
  A juggernaut skeleton (Depths:3)
  7 very ugly things
  16 ironheart preservers
  7 deep elf annihilators
  6 spark wasps
  2 eidola (Vaults:4)
  2 crystal guardians
  3 deep elf death magi
  The ghost of hemabe the Carver, a journeyman HuAr of Trog (D:11)
  8 ettins
  4 great orbs of eyes
  8 fire dragons
  7 ice dragons
  8 yaktaur captains
  9 rakshasas
  6 vault guards
  17 hydras
  7 naga warriors
  7 ghost crabs
  Erica (Orc:1)
  A spriggan air mage (Depths:2)
  9 anacondas
  4 shambling mangroves
  A death yak (Lair:6)
  7 centaur warriors
  A tengu warrior (D:11)
  A vampire mage (Depths:1)
  4 death knights
  22 two-headed ogres
  7 ogre magi
  7 deep troll earth magi
  12 alligators
  11 deep troll shamans
  3 orc high priests (Orc:2)
  11 shock serpents
  12 naga sharpshooters
  Urug (Orc:2)
  7 deep elf knights
  A storm dragon zombie (Depths:3)
  2 sun demons (Depths:3)
  2 shadow wraiths (Vaults:4)
  7 hell knights (Depths:2)
  A salamander mystic (Snake:3)
  5 skeletal warriors
  A spriggan berserker (Depths:2)
  2 iron trolls
  4 glowing orange brains
  17 sea snakes
  An unseen horror (D:13)
  3 flayed ghosts
  A golden dragon zombie (Depths:3)
  2 death drakes (shapeshifter)
  3 swamp dragons
  5 spriggan druids
  16 deep trolls
  A tengu zombie (Depths:3)
  8 deep elf archers
  4 naga ritualists
  6 wizards
  20 deep elf magi
  A lindwurm (shapeshifter) (D:14)
  A mana viper (shapeshifter) (D:15)
  A shadow dragon zombie (Vaults:2)
  A swamp dragon (shapeshifter) (Depths:2)
  An orange crystal statue (Depths:3)
  3 phantasmal warriors
  8 necromancers
  15 orc knights
  14 ironbrand convokers
  31 ugly things
  18 harpies
  A sphinx skeleton (Depths:3)
  7 orc sorcerers
  A stone giant zombie (Depths:1)
  3 wolf spiders
  7 mana vipers
  3 manticores
  3 salamanders
  10 cyclopes
  A manticore (shapeshifter) (Depths:3)
  3 apocalypse crabs (Swamp:1)
  28 black mambas
  A black mamba (shapeshifter) (Vaults:2)
  3 guardian serpents
  4 ice statues (IceCv)
  A frost giant skeleton (Vaults:2)
  8 vault sentinels
  3 gargoyles
  A stone giant skeleton (Depths:1)
  13 naga magi
  30 spiny frogs
  2 torpor snails (Lair:3)
  4 centaur skeletons
  2 rime drakes
  9 komodo dragons
  42 yaktaurs
  An efreet (Depths:4)
  2 kobold demonologists (D:7)
  A rime drake (shapeshifter) (D:13)
  2 golden dragon simulacra (Depths:3)
  12 freezing wraiths
  5 human skeletons
  2 tengu conjurers (Depths:2)
  10 ice devils (IceCv)
  The ghost of Shaidar the Conjurer, a novice DECj of Ashenzari (D:5)
  3 polar bears
  2 meliai (shapeshifter)
  10 trolls
  A polar bear (shapeshifter) (Vaults:1)
  11 tyrant leeches
  18 blink frogs
  A dream sheep (shapeshifter) (Depths:1)
  45 slime creatures
  8 bog bodies
  12 hornets
  5 dream sheep (Lair:4)
  An elf zombie (Depths:3)
  An ettin zombie (Vaults:2)
  A hippogriff (shapeshifter) (Vaults:2)
  A frost giant simulacrum (Depths:3)
  The ghost of GordonOverkill the Magician, an amateur DEWr of Sif Muna (D:5)
  An ice dragon zombie (Depths:1)
  7 hippogriffs
  A spriggan skeleton (Depths:1)
  A yak (shapeshifter) (Depths:1)
  2 naga simulacra (Snake:4)
  4 wraiths
  Sigmund (D:6)
  3 spectral black mambas (Snake:4)
  7 spriggans
  5 shadows
  A shock serpent simulacrum (Snake:4)
  3 vampires
  3 wyverns
  A human (D:7)
  4 hogs (D:7)
  98 yaks
  Eustachio (D:5)
  5 basilisks
  A yaktaur simulacrum (Vaults:2)
  16 vampire mosquitoes
  4 swamp worm simulacra (Swamp:4)
  3 hungry ghosts
  A swamp worm (shapeshifter) (Depths:4)
  2 human zombies
  2 wargs
  36 nagas
  12 hydra simulacra (Swamp:4)
  A soldier ant (D:8)
  18 swamp worms
  5 insubstantial wisps (Lair:4)
  A two-headed ogre zombie (D:10)
  A floating eye (Depths:3)
  10 porcupines
  12 water moccasins
  6 black bears
  54 orc warriors
  An eye of draining (D:8)
  2 sky beasts
  A black bear (shapeshifter) (D:15)
  3 phantoms
  7 swamp drakes
  10 ice beasts
  23 ogres
  4 wolves (Lair:3)
  12 boggarts
  13 centaurs
  A tengu (shapeshifter) (Depths:1)
  8 crocodiles
  A big kobold (D:8)
  34 bullfrogs
  A wyvern zombie (D:12)
  A gnoll sergeant (Orc:2)
  The ghost of Calamarain the Conjurer, an amateur FeCj (D:5)
  2 scorpions (D:9)
  6 wights
  3 spectral nagas
  4 electric eels
  7 howler monkeys
  4 bullfrog zombies
  2 draconian simulacra (IceCv)
  A quasit (D:7)
  12 crimson imps
  A centaur zombie (D:12)
  5 hounds
  2 jellies
  30 orc priests
  An iron imp (Depths:1)
  5 iguanas
  30 orc wizards
  8 worker ants
  3 bullfrog skeletons
  A spriggan simulacrum (IceCv)
  A killer bee zombie (D:6)
  A troll simulacrum (IceCv)
  7 ogre zombies (D:10)
  5 centaur simulacra
  A howler monkey zombie (D:10)
  10 gnolls
  2 ogre simulacra (IceCv)
  23 adders
  6 shadow imps
  12 oozes
  4 swamp drake simulacra (Swamp:4)
  2 worms (D:2)
  3 dart slugs
  17 leopard geckos
  121 orcs
  12 ball pythons
  15 giant cockroaches
  3 goblins
  5 hobgoblins
  8 jackals
  4 kobolds
  3 quokkas
  3 bats (D:1)
  13 frilled lizards
  4 goblin skeletons (D:10)
  2 goblin zombies (D:10)
  2 hobgoblin skeletons (D:10)
  4 hobgoblin zombies (D:10)
  3 orc skeletons (D:10)
  10 orc zombies (D:10)
  3 rats
  A plant (Lair:3)
1782 creatures vanquished.

Vanquished Creatures (collateral kills)
  A harpy (Vaults:4)
1 creature vanquished.

Vanquished Creatures (others)
  2 alligators
  2 unseen horrors
  A wizard (D:15)
  A naga mage (Snake:3)
  A human (Swamp:1)
  A warg (Vaults:2)
  A swamp worm (Swamp:1)
  A porcupine (Lair:4)
  A worker ant (D:6)
  A briar patch (Swamp:4)
  3 bushes (D:10)
  6 fungi
  48 plants
69 creatures vanquished.

Grand Total: 1852 creatures vanquished

Notes
Turn   | Place    | Note
-------+----------+-------------------------------------------
     0 | D:1      | Zazzi the Gargoyle Earth Elementalist began the quest for
                  | the Orb.
     0 | D:1      | Reached XP level 1. HP: 10/10 MP: 3/3
   312 | D:1      | Reached skill level 4 in Earth Magic
   312 | D:1      | Reached XP level 2. HP: 15/15 MP: 5/5
   849 | D:1      | Reached XP level 3. HP: 19/19 MP: 6/6
   854 | D:1      | Learned a level 3 spell: Stone Arrow
  1347 | D:2      | Reached skill level 1 in Conjurations
  1437 | D:2      | Reached XP level 4. HP: 24/24 MP: 8/8
  2299 | D:3      | Found a glowing drain.
  2310 | Sewer    | Entered a sewer
  2577 | Sewer    | Reached skill level 5 in Earth Magic
  2597 | Sewer    | Reached XP level 5. HP: 27/28 MP: 9/9
  2610 | Sewer    | Learned a level 5 spell: Lee's Rapid Deconstruction
  3074 | Sewer    | Reached XP level 6. HP: 30/32 MP: 11/11
  3521 | D:4      | Reached skill level 6 in Earth Magic
  3533 | D:4      | Reached XP level 7. HP: 36/36 MP: 10/13
  3878 | D:4      | Gained mutation: You expend magic power (3 MP) to
                  | strengthen your wands. [potion of mutation]
  3878 | D:4      | Gained mutation: You are dopey. (Int -2) [potion of
                  | mutation]
  3878 | D:4      | Gained mutation: You are partially covered in large bone
                  | plates. (SH +4) [potion of mutation]
  4267 | D:4      | Found a staircase to the Ecumenical Temple.
  4273 | Temple   | Entered the Ecumenical Temple
  4515 | Temple   | Became a worshipper of Vehumet
  4765 | D:5      | Entered Level 5 of the Dungeon
  4906 | D:5      | Noticed Eustachio
  4931 | D:5      | Killed Eustachio
  4931 | D:5      | Reached skill level 5 in Spellcasting
  4931 | D:5      | Reached skill level 7 in Earth Magic
  5040 | D:5      | Lost mutation: You are dopey. (Int -2) [potion of mutation]
  5040 | D:5      | Lost mutation: You expend magic power (3 MP) to strengthen
                  | your wands. [potion of mutation]
  5040 | D:5      | Gained mutation: Your muscles are strong. (Str +2) [potion
                  | of mutation]
  5040 | D:5      | Gained mutation: Scrolls take you a little longer to read.
                  | [potion of mutation]
  5040 | D:5      | Gained mutation: You have a pair of small horns on your
                  | head. [potion of mutation]
  5169 | D:5      | Found a runed gate.
  5169 | D:5      | Found a runed gate.
  5169 | D:5      | Found a runed gate.
  5193 | D:5      | Noticed Calamarain's ghost (amateur FeCj)
  5194 | D:5      | Noticed Shaidar's ghost (novice DECj)
  5197 | D:5      | Noticed GordonOverkill's ghost (amateur DEWr)
  5205 | D:5      | Killed Calamarain's ghost
  5205 | D:5      | Reached skill level 5 in Conjurations
  5205 | D:5      | Reached XP level 8. HP: 41/41 MP: 9/15
  5211 | D:5      | Killed Shaidar's ghost
  5211 | D:5      | Reached skill level 1 in Fighting
  5211 | D:5      | Reached skill level 1 in Armour
  5211 | D:5      | Reached skill level 1 in Shields
  5237 | D:5      | Killed GordonOverkill's ghost
  5237 | D:5      | Reached skill level 1 in Maces & Flails
  5237 | D:5      | Reached skill level 1 in Evocations
  5639 | D:5      | Found a sacrificial altar of Ru.
  5821 | D:6      | Reached XP level 9. HP: 41/48 MP: 17/17
  5864 | D:6      | Noticed Sigmund
  5872 | D:6      | Killed Sigmund
  5995 | D:6      | Found a bloodstained altar of Trog.
  6232 | D:6      | Reached * piety under Vehumet
  6232 | D:6      | Offered knowledge of Freeze by Vehumet.
  6283 | D:6      | Lost mutation: Your muscles are strong. (Str +2) [potion of
                  | mutation]
  6283 | D:6      | Lost mutation: Scrolls take you a little longer to read.
                  | [potion of mutation]
  6283 | D:6      | Gained mutation: Your magical capacity is low. (-10% MP)
                  | [potion of mutation]
  6283 | D:6      | Gained mutation: Your large and strong wings let you fly
                  | indefinitely. [potion of mutation]
  6639 | D:7      | Found an opulent altar of Gozag.
  6756 | D:7      | Reached skill level 8 in Earth Magic
  6924 | D:7      | Found a transporter.
  6932 | D:7      | Noticed a kobold demonologist
  7093 | D:7      | Found a transporter.
  7116 | D:7      | Noticed a kobold demonologist
  7159 | D:7      | Killed a kobold demonologist
  7167 | D:7      | Killed a kobold demonologist
  7167 | D:7      | Reached XP level 10. HP: 35/56 MP: 5/17
  7782 | D:8      | Found Odwatoh's Magic Scroll Shop.
  7884 | D:8      | Offered knowledge of Sting by Vehumet.
  8114 | D:8      | Reached ** piety under Vehumet
  8183 | D:8      | Noticed a purple ugly thing
  8202 | D:8      | Killed a purple ugly thing
  8418 | D:8      | Reached skill level 9 in Earth Magic
  8615 | D:8      | Offered knowledge of Static Discharge by Vehumet.
  9176 | D:9      | Reached XP level 11. HP: 51/62 MP: 18/18
  9198 | D:9      | Reached *** piety under Vehumet
  9198 | D:9      | Reached skill level 5 in Shields
  9199 | D:9      | Reached skill level 5 in Fighting
  9214 | D:9      | Reached skill level 5 in Armour
  9454 | D:9      | Offered knowledge of Dazzling Spray by Vehumet.
 10048 | D:9      | Found a white marble altar of Elyvilon.
 10200 | D:10     | Entered Level 10 of the Dungeon
 10218 | D:9      | Reached **** piety under Vehumet
 10407 | D:10     | Reached skill level 5 in Maces & Flails
 10522 | D:10     | Offered knowledge of Venom Bolt by Vehumet.
 10529 | D:10     | Learned a level 5 spell: Venom Bolt
 10884 | D:10     | Found a staircase to the Lair.
 11040 | D:10     | Found a staircase to the Orcish Mines.
 11066 | D:10     | Reached ***** piety under Vehumet
 11114 | D:10     | Offered knowledge of Poison Arrow by Vehumet.
 11472 | D:11     | Noticed a two-headed ogre
 11472 | D:11     | Noticed hemabe's ghost (journeyman HuAr)
 11474 | D:11     | Found a transporter.
 11474 | D:11     | Identified the cursed +0 dire flail of Devotion {vamp, rN+
                  | Dex+4}
 11474 | D:11     | Identified the +11 dire flail "Suful" {freeze, rF- rC++
                  | Str-5 Int+8}
 11474 | D:11     | Noticed a two-headed ogre
 11515 | D:11     | Found a flickering gateway to a bazaar.
 11542 | Bazaar   | Entered a bazaar
 11542 | Bazaar   | Found Fyliyffu's Magic Scroll Boutique.
 11542 | Bazaar   | Found Derhaatu's Armour Shoppe.
 11542 | Bazaar   | Found Rorakh's Assorted Antiques.
 11544 | Bazaar   | Found Doxtaexo's Antique Armour Emporium.
 11544 | Bazaar   | Found Vukimpof's Book Shop.
 11592 | Bazaar   | Bought a scroll of enchant weapon for 82 gold pieces
 11592 | Bazaar   | Bought a scroll of blinking for 82 gold pieces
 11592 | Bazaar   | Bought a scroll of identify for 22 gold pieces
 11592 | Bazaar   | Bought a scroll of identify for 22 gold pieces
 11592 | Bazaar   | Bought a scroll of identify for 22 gold pieces
 11598 | Bazaar   | Bought an ancient robe for 131 gold pieces
 11608 | Bazaar   | Identified the cursed +0 robe of Icvuby {rC+ MR+ MP-9} (You
                  | bought it in a shop in a bazaar)
 11762 | D:11     | Reached XP level 12. HP: 25/70 MP: 20/20
 12039 | D:11     | Reached skill level 5 in Dodging
 12055 | D:11     | Reached skill level 5 in Evocations
 12102 | D:11     | Noticed an eight-headed hydra
 12110 | D:11     | Killed an eight-headed hydra
 12110 | D:11     | Reached skill level 10 in Earth Magic
 12234 | D:11     | Found a transporter.
 12245 | D:11     | Noticed a tengu warrior
 12289 | D:11     | Got a bloodstained robe
 12302 | D:11     | Killed a tengu warrior
 13078 | D:11     | Lost mutation: Your magical capacity is low. (-10% MP)
                  | [potion of mutation]
 13078 | D:11     | Lost mutation: You have a pair of small horns on your head.
                  | [potion of mutation]
 13078 | D:11     | Lost mutation: Your large and strong wings let you fly
                  | indefinitely. [potion of mutation]
 13078 | D:11     | Gained mutation: You possess an exceptional clarity of
                  | mind. [potion of mutation]
 13078 | D:11     | Gained mutation: You are partially covered in molten
                  | scales. (AC +2) [potion of mutation]
 13133 | D:12     | Noticed a two-headed ogre
 13143 | D:12     | Killed a two-headed ogre
 13400 | D:12     | Offered knowledge of Ozocubu's Refrigeration by Vehumet.
 13912 | D:12     | Found Wiomp's Book Shoppe.
 14150 | D:12     | Reached XP level 13. HP: 67/76 MP: 25/25
 14191 | D:12     | Identified the +1 robe of the Other World {-Cast rElec rN+
                  | Int+9} (You found it on level 11 of the Dungeon)
 14386 | D:12     | Found a snail-covered altar of Cheibriados.
 15169 | D:13     | Found a gate to the Vaults.
 15169 | D:13     | Noticed an ironheart preserver
 15203 | D:13     | Killed an ironheart preserver
 15283 | D:13     | Reached skill level 11 in Earth Magic
 15916 | D:13     | Offered knowledge of Iron Shot by Vehumet.
 15949 | D:13     | Learned a level 6 spell: Iron Shot
 16230 | D:13     | HP: 3/78 [white ugly thing (25)]
 17746 | D:14     | Found a roughly hewn altar of Beogh.
 17894 | Lair:1   | Entered Level 1 of the Lair of Beasts
 17906 | Lair:1   | Gained mutation: Your large and strong wings let you fly
                  | indefinitely. [Gargoyle growth]
 17906 | Lair:1   | Reached XP level 14. HP: 76/84 MP: 26/26
 17952 | Lair:1   | Reached skill level 10 in Conjurations
 18152 | Lair:1   | Found a frozen archway.
 18192 | IceCv    | Entered an ice cave
 18718 | IceCv    | HP: 1/84 [ice devil (15)]
 18894 | IceCv    | Offered knowledge of Spellforged Servitor by Vehumet.
 19126 | IceCv    | HP: 4/84 [ice devil (18)]
 20256 | Lair:2   | Reached skill level 12 in Earth Magic
 21834 | Lair:3   | Found a staircase to the Snake Pit.
 22885 | Lair:4   | Found a glowing silver altar of Zin.
 22912 | Lair:4   | Found a staircase to the Swamp.
 23047 | Lair:4   | Reached XP level 15. HP: 92/92 MP: 28/28
 24229 | Lair:6   | Entered Level 6 of the Lair of Beasts
 24871 | Lair:6   | Offered knowledge of Orb of Destruction by Vehumet.
 25099 | Lair:6   | Reached skill level 10 in Fighting
 25099 | Lair:6   | Reached skill level 10 in Shields
 25104 | Lair:6   | Reached skill level 10 in Spellcasting
 26506 | Lair:6   | Found a viscous altar of Jiyva.
 26548 | Lair:6   | Found a staircase to the Slime Pits.
 26944 | Orc:1    | Entered Level 1 of the Orcish Mines
 26944 | Orc:1    | Found a roughly hewn altar of Beogh.
 27009 | D:10     | Offered knowledge of Freezing Cloud by Vehumet.
 27290 | Orc:1    | Noticed Erica
 27303 | Orc:1    | Killed Erica
 27562 | Orc:2    | Entered Level 2 of the Orcish Mines
 27569 | Orc:2    | Noticed Urug
 27584 | Orc:2    | Killed Urug
 27584 | Orc:2    | Reached skill level 13 in Earth Magic
 27800 | Orc:2    | Paralysed by an orc sorcerer for 2 turns
 28240 | Orc:2    | Found a staircase to the Elven Halls.
 28328 | Orc:2    | Noticed an orc warlord
 28336 | Orc:2    | Killed an orc warlord
 28337 | Orc:2    | Reached ****** piety under Vehumet
 28350 | Orc:2    | Paralysed by an orc sorcerer for 4 turns
 28383 | Orc:2    | Reached XP level 16. HP: 77/99 MP: 30/30
 28573 | Orc:2    | Offered knowledge of Bolt of Fire by Vehumet.
 28596 | Orc:2    | Learned a level 6 spell: Bolt of Fire
 28752 | Orc:2    | Found Wukkidayt's General Store.
 28753 | Orc:2    | Found Plog's Jewellery Emporium.
 28754 | Orc:2    | Found Yheloz's Antique Armour Shoppe.
 28754 | Orc:2    | Found Keatto's Antique Weapon Shoppe.
 29079 | D:15     | Entered Level 15 of the Dungeon
 29206 | D:15     | Reached skill level 10 in Maces & Flails
 29453 | D:15     | Found a staircase to the Depths.
 29694 | D:15     | Found a shimmering altar of Xom.
 30150 | Depths:1 | Entered Level 1 of the Depths
 30434 | Depths:1 | Paralysed by a great orb of eyes for 5 turns
 31119 | Depths:1 | Found a glowing golden altar of the Shining One.
 31244 | Depths:1 | Reached skill level 1 in Fire Magic
 31938 | Depths:1 | Reached skill level 5 in Fire Magic
 32245 | Depths:1 | Found a gateway to Hell.
 33431 | Depths:2 | Offered knowledge of Fire Storm by Vehumet.
 33431 | Depths:2 | Offered knowledge of Chain Lightning by Vehumet.
 33431 | Depths:2 | Offered knowledge of Tornado by Vehumet.
 33598 | Depths:2 | Noticed a caustic shrike
 33908 | D:11     | Reached XP level 17. HP: 104/104 MP: 31/31
 33912 | D:11     | Killed hemabe's ghost
 34138 | Snake:1  | Entered Level 1 of the Snake Pit
 34941 | Snake:1  | Noticed Rupert
 34962 | Snake:1  | Killed Rupert
 35025 | Snake:1  | Learned a level 5 spell: Bolt of Magma
 35327 | Snake:2  | Reached skill level 10 in Fire Magic
 35883 | Snake:2  | Noticed Vashnia
 36036 | Snake:2  | Killed Vashnia
 36582 | Snake:2  | Found Guva's Jewellery Emporium.
 36582 | Snake:2  | Found Arewn's Gadget Shop.
 36583 | Snake:2  | Found Sudiag's Jewellery Emporium.
 37135 | Snake:3  | Reached skill level 14 in Earth Magic
 37861 | Snake:4  | Entered Level 4 of the Snake Pit
 38325 | Snake:4  | Found a runed gate.
 38325 | Snake:4  | Found a runed gate.
 38328 | Snake:4  | Found a runed gate.
 38329 | Snake:4  | Noticed Allula97's ghost (adept SpEn)
 38750 | Snake:3  | Killed Allula97's ghost
 39081 | Snake:4  | Reached XP level 18. HP: 111/111 MP: 16/33
 39100 | Snake:4  | Got a warped cloak
 39106 | Snake:4  | Identified the cursed -4 cloak of a Gauntlet {+Blink rF+
                  | rN+ Int-4} (You found it on level 4 of the Snake Pit)
 40120 | Snake:4  | Upgraded the game from 0.23-a0-577-g2b1de944cd to
                  | 0.23-a0-582-g1b4a0ca2fb
 40252 | Swamp:1  | Entered Level 1 of the Swamp
 40400 | Swamp:1  | Noticed Roxanne
 40452 | Swamp:1  | Killed Roxanne
 40964 | Swamp:1  | Noticed Kirke
 40974 | Swamp:1  | Killed Kirke
 41647 | Swamp:1  | Found a runed door.
 42344 | Swamp:1  | Got a tattered robe
 42347 | Swamp:1  | Identified the +1 robe "Puna" {rF+ Slay+2} (You found it on
                  | level 1 of the Swamp)
 42533 | Swamp:2  | Identified Favvaniq's Tome of Augmentations and the Oath
 43504 | Swamp:3  | Reached skill level 10 in Dodging
 44543 | Swamp:4  | Entered Level 4 of the Swamp
 44720 | Swamp:4  | Reached XP level 19. HP: 78/117 MP: 34/34
 45395 | Swamp:4  | Got a decaying rune of Zot
 45494 | Swamp:4  | Reached skill level 15 in Earth Magic
 46561 | Snake:4  | Got a serpentine rune of Zot
 46850 | Vaults:1 | Entered Level 1 of the Vaults
 46910 | Vaults:1 | You are sucked into a shaft!
 46914 | Vaults:2 | Found a staircase to the Crypt.
 46914 | Vaults:2 | Found an ancient bone altar of Kikubaaqudgha.
 46915 | Vaults:2 | Found a basalt altar of Yredelemnul.
 47863 | Vaults:1 | Found Seamec's Gadget Emporium.
 47966 | Vaults:1 | Found Popsi's General Store.
 47984 | Vaults:1 | Bought a potion of mutation for 96 gold pieces
 47984 | Vaults:1 | Bought a ration for 60 gold pieces
 48022 | Vaults:1 | Reached XP level 20. HP: 80/124 MP: 29/36
 48115 | Vaults:1 | Found Tikics's General Store.
 48499 | Vaults:1 | Found Ziluem's Antique Weapon Shoppe.
 49866 | Vaults:1 | Found Rocudel's Weapon Shop.
 51333 | Vaults:2 | Reached skill level 16 in Earth Magic
 51710 | Vaults:2 | Reached XP level 21. HP: 126/131 MP: 37/37
 54733 | Vaults:4 | Paralysed by an ogre mage for 5 turns
 55301 | Vaults:4 | Reached skill level 15 in Conjurations
 55807 | Vaults:4 | Found a runed gate.
 55807 | Vaults:4 | Found a runed gate.
 55807 | Vaults:4 | Found a runed gate.
 55809 | Vaults:4 | Noticed Wamu's ghost (veteran GnSk)
 55992 | Vaults:4 | Reached XP level 22. HP: 82/138 MP: 39/39
 56444 | Vaults:4 | Noticed Boris
 56458 | Vaults:4 | HP: 5/138 [ettin/+2 dire flail of draining (30)]
 57699 | Depths:2 | Reached skill level 17 in Earth Magic
 57964 | Depths:2 | Killed a caustic shrike
 59078 | Depths:2 | Reached skill level 15 in Fighting
 59377 | Depths:2 | Noticed a juggernaut
 59384 | Depths:2 | Killed a juggernaut
 59384 | Depths:2 | Reached skill level 15 in Shields
 59568 | Depths:3 | Found Duonefuf's Food Shop.
 59588 | Depths:3 | Bought a ration for 60 gold pieces
 59588 | Depths:3 | Bought a ration for 60 gold pieces
 59588 | Depths:3 | Bought a ration for 60 gold pieces
 59588 | Depths:3 | Bought a ration for 60 gold pieces
 59588 | Depths:3 | Bought a ration for 60 gold pieces
 59588 | Depths:3 | Bought a ration for 60 gold pieces
 59588 | Depths:3 | Bought a ration for 60 gold pieces
 59588 | Depths:3 | Bought a ration for 60 gold pieces
 59588 | Depths:3 | Bought a ration for 60 gold pieces
 59588 | Depths:3 | Bought a ration for 60 gold pieces
 59588 | Depths:3 | Bought a ration for 60 gold pieces
 59588 | Depths:3 | Bought a ration for 60 gold pieces
 59588 | Depths:3 | Bought a ration for 60 gold pieces
 59588 | Depths:3 | Bought a ration for 60 gold pieces
 59758 | Depths:3 | Found Awuer's Gadget Shoppe.
 60049 | Depths:3 | Found a one-way gate leading to the halls of Pandemonium.
 60066 | Depths:3 | Found a one-way gate to the infinite horrors of the Abyss.
 60348 | Depths:3 | Reached XP level 23. HP: 144/144 MP: 40/40
 60667 | Depths:3 | Found Dagog's Assorted Antiques.
 60674 | Depths:3 | Bought 2 scrolls of magic mapping for 210 gold pieces
 60688 | Depths:3 | Found a gateway to a ziggurat.
 60696 | Depths:3 | Found Plog's Magic Scroll Boutique.
 60704 | Depths:3 | Bought a scroll of magic mapping for 42 gold pieces
 60704 | Depths:3 | Bought a scroll of magic mapping for 42 gold pieces
 60754 | Depths:3 | Found Siur's Weapon Shoppe.
 61259 | Depths:3 | Found a runed door.
 61409 | Depths:3 | Found a runed door.
 61429 | Depths:3 | Reached skill level 18 in Earth Magic
 61731 | Depths:4 | Paralysed by a sphinx for 7 turns
 61991 | Depths:4 | HP: 5/144 [juggernaut simulacrum (54)]
 62007 | Depths:4 | HP: 6/144 [spriggan air mage/the air (19)]
 62007 | Depths:4 | Slain by a ghost moth

Vault maps used:
D:1:      eino_arrival_water_star, serial_bayou_ford_a, dk_noncrumbling_3,
          minmay_pentomino_z2
D:3:      portal_sewer_entry_d, first_ration
D:4:      kennysheep_six_static_rooms, minmay_temple_entry_fiery
D:5:      gammafunk_ghost_cemetery, nicolae_ru_the_path_less_chosen,
          uniq_eustachio
D:6:      minmay_misc_feat_four_crosses, trog_ov_bears_minmay, uniq_sigmund
D:7:      gammafunk_wand_slinger, nicolae_gozag_seed_capital, grunt_livestock
D:8:      hangedman_cross_veins, serial_shops, nicolae_shop_statue_plus
D:9:      elyvilon_altar_5
D:10:     minmay_lair_entry_grove, zombieorc2_lemuel
D:11:     gammafunk_ghost_smash, serial_shops, bzr_entry_water
D:12:     serial_shops, kennysheep_mini, lemuel_statue_altar
D:13:     skrybe_vaults_entry_preservation
D:14:     minmay_staircase_statues_hall_small, special_room
D:15:     grunt_enter_depths_magical_seal, basic_altar, minmay_splitting_lines,
          serial_park_tiny_2, minivault_20, lightli_fourway_metalbox
Temple:   roderic_octagonal_lattice_temple
Lair:1:   portal_ice_cave_entry_ice_beasts, grunt_megastairs_4,
          serial_bayou_shore_a
Lair:2:   cheibrodos_lair_lostbears
Lair:3:   minmay_snake_entry_six_corridors, chequers_serial_rivers_micro_a,
          lemuel_fruit_tree, lemuel_fruit_fields, infiniplex_staircase_pool
Lair:4:   minmay_swamp_entry_wisps, basic_altar
Lair:6:   minmay_lair_end_frog_pond, slime_altar_1, st_stairs_6, minivault_26
Swamp:1:  gammafunk_mikee_crab_dinner, serial_swamp_ruin,
          evilmike_swamp_ruin_house_3, evilmike_swamp_ruin_house_5,
          evilmike_swamp_ruin_house_6, swamp_pool2, uniq_kirke, uniq_roxanne
Swamp:2:  nicolae_swamp_very_dense_foliage, swamp_pool1
Swamp:3:  evilmike_swamp_ruin_rubble_2
Swamp:4:  swamp_icy
Snake:1:  uniq_rupert
Snake:2:  grunt_ministairs_14, corexii_hall_statues_u, minmay_shop_grove,
          uniq_vashnia
Snake:4:  grunt_snake_rune_pools, gammafunk_ghost_necromancy
Orc:1:    basic_altar, uniq_erica
Orc:2:    st_orc_congregation, sword_in_stone
Vaults:1: nicolae_vaults_network_barrier, ontoclasm_vaults_shout,
          vaults_dpeg_ring, grunt_vaults_swirl, hangedman_vaults_nails,
          nicolae_vaults_sealed_display, vaults_room_corners,
          vaults_room_hallway, serial_shops, shop_statue, nicolae_shop_stone,
          shop, shop, shop_fountains
Vaults:2: hangedman_vaults_nodes, v_misc_12, hangedman_vaults_restitches,
          vaults_mumra_minichess, minmay_crypt_entry_necro_gods,
          ontoclasm_vaults_twist, hangedman_vaults_restitches,
          vaults_mumra_minichess_inversion, vaults_room_semicircle, v_misc_8
Vaults:3: vaults_standard_mumra_enter_the_diamond, v_misc_16,
          vaults_room_hangedman_quadrants, v_misc_14, vaults_room_fours,
          v_misc_16
Vaults:4: gammafunk_vaults_ghost_spectres, v_misc_25, v_misc_13,
          hangedman_vaults_variations, hangedman_vaults_snaps,
          nicolae_vaults_mini_display_case, v_misc_19, v_rooms_6,
          vaults_room_octagon, nicolae_vaults_asterisk,
          nicolae_vaults_little_squares_4, nicolae_vaults_shelves_hall,
          nicolae_vaults_alarming, uniq_boris
Depths:1: grunt_hell_entry_dis_old, serial_curves, eino_curves_01,
          eino_curves_01, tso_altar
Depths:2: minmay_box_of_curves, hell_entry, grunt_decor_mini_mirrors,
          small_statue_intersection
Depths:3: thingy_vault_2, enter_ziggurat_b, pan_entry, minmay_fountain_box,
          abyss_entry, serial_shops, nicolae_shop_stone,
          nicolae_shop_statue_plus, nicolae_shop_stone, shop, shop,
          lightli_too_deep, infiniplex_staircase_star
Depths:4: hangedman_crystal_crosses_colossus, hell_entry, abyss_entry
Bazaar:   bazaar_minmay_generic_island
Sewer:    sewer_frog_island_02
IceCv:    ice_cave_tombish

Skill      XL: |  1  2  3  4  5  6  7  8  9 10 11 12 13 14 15 16 17 18 19 20 21 22 23 |
---------------+----------------------------------------------------------------------+-----
Earth Magic    | 4 5 6 7 8 9 10 11 12 13 14 15 16 17 18 | 18.1
Conjurations   | 1 2 3 5 6 7 8 9 10 11 12 13 14 15 | 15.0
Spellcasting   | 3 4 5 6 7 8 9 10 11 12 13 14 | 14.4
Fighting       | 2 3 4 6 7 8 9 10 11 12 13 14 15 | 15.0
Armour         | 2 3 4 5 6 |  6.0
Shields        | 2 3 4 6 7 8 9 10 11 12 13 14 15 | 15.0
Maces & Flails | 2 3 4 5 6 7 9 10 11 12 13 14 | 14.0
Dodging        | 2 3 4 5 6 7 8 9 10 11 12 | 12.9
Evocations     | 1 3 4 6 |  6.0
Fire Magic     | 8 10 11 12 13 14 | 14.6
Stealth        | |  2.1
Transmutations | |  0.7

Action                   |  1- 3 |  4- 6 |  7- 9 | 10-12 | 13-15 | 16-18 | 19-21 | 22-24 || total
-------------------------+-------+-------+-------+-------+-------+-------+-------+-------++-------
Melee: Short sword       |    69 |   166 |   179 |   603 |       |       |       |       ||  1017
       Headbutt          |       |       |    18 |    73 |       |       |       |       ||    91
       Morningstar       |       |       |       |    55 |  1330 |  1089 |   780 |   353 ||  3607
 Cast: Sandblast         |     1 |     9 |    46 |   210 |    96 |    31 |    30 |     6 ||   429
       Stone Arrow       |       |       |     1 |       |     5 |     8 |       |       ||    14
       Lee's Rapid Decon |       |       |    11 |    37 |    43 |    18 |    72 |    46 ||   227
       Venom Bolt        |       |       |       |     1 |    20 |     7 |     1 |     3 ||    32
       Iron Shot         |       |       |       |       |    70 |   140 |    32 |    41 ||   283
       Bolt of Fire      |       |       |       |       |       |   154 |   274 |    78 ||   506
       Bolt of Magma     |       |       |       |       |       |    22 |    22 |    36 ||    80
 Abil: Fly               |       |       |     1 |       |       |     1 |       |       ||     2
       Stop Flying       |       |       |       |       |       |       |     1 |       ||     1
Evoke: Wand              |       |       |     1 |       |    17 |     9 |       |       ||    27
       Lightning rod     |       |       |       |       |    11 |       |       |       ||    11
       Box of beasts     |       |       |       |       |       |     2 |       |       ||     2
       Sack of spiders   |       |       |       |       |       |     1 |       |       ||     1
  Use: Scroll            |     4 |     4 |    13 |    15 |     9 |    19 |    11 |     8 ||    83
       Potion            |       |       |     7 |     1 |     6 |    10 |     5 |     4 ||    33
 Stab: Sleeping          |     6 |     5 |     3 |     3 |     9 |     5 |     3 |     3 ||    37
       Distracted        |       |       |       |       |     1 |       |     1 |       ||     2
       Confused          |       |       |       |       |       |       |     1 |       ||     1
  Eat: Chunk             |     2 |     3 |    11 |    30 |    55 |    67 |    73 |    24 ||   265
       Ration            |       |     1 |     1 |     2 |     8 |    22 |    11 |     8 ||    53
Armor: Robe              |    21 |    79 |    89 |   215 |   725 |   475 |   346 |   187 ||  2137
       Skin              |       |       |       |   132 |       |       |       |       ||   132
Dodge: Dodged            |    39 |   157 |   125 |   554 |  1198 |   534 |   495 |   203 ||  3305
Block: Other             |       |       |    46 |   168 |   209 |       |       |       ||   423
       Shield            |       |       |       |       |   417 |   959 |   836 |   342 ||  2554

Table legend:
 A = Non-vault XP
 B = Vault XP
 C = Vault XP percentage of total XP
 D = Non-vault monster count
 E = Vault monster count
 F = Vault count percentage of total count
                 A         B        C        D         E       F
            +---------+---------+-------+---------+---------+-------
      Total |  441450 |  329768 |  42.8 |    1099 |     690 |  38.6
            +---------+---------+-------+---------+---------+-------
        D:1 |      41 |       1 |   2.4 |      21 |       1 |   4.5
        D:2 |      54 |       0 |   0.0 |       8 |       0 |   0.0
        D:3 |      27 |      14 |  34.1 |       5 |       1 |  16.7
        D:4 |     172 |      73 |  29.8 |       7 |       4 |  36.4
        D:5 |     334 |     817 |  71.0 |       9 |       4 |  30.8
        D:6 |     980 |     482 |  33.0 |      24 |       3 |  11.1
        D:7 |     567 |    1926 |  77.3 |      12 |      14 |  53.8
        D:8 |    1044 |    1976 |  65.4 |      30 |      19 |  38.8
        D:9 |    4171 |     145 |   3.4 |      43 |       1 |   2.3
       D:10 |    2384 |    2585 |  52.0 |      29 |      47 |  61.8
       D:11 |    5612 |    3151 |  36.0 |      30 |       5 |  14.3
       D:12 |    9505 |       0 |   0.0 |      69 |       0 |   0.0
       D:13 |    5324 |    2188 |  29.1 |      19 |       9 |  32.1
       D:14 |   11719 |    1843 |  13.6 |      26 |      24 |  48.0
       D:15 |    6201 |    6762 |  52.2 |      16 |      14 |  46.7
     Lair:1 |    6784 |    1047 |  13.4 |      29 |       8 |  21.6
     Lair:2 |    4112 |     620 |  13.1 |      19 |       2 |   9.5
     Lair:3 |    7846 |    1603 |  17.0 |      34 |      14 |  29.2
     Lair:4 |    5361 |     811 |  13.1 |      25 |       5 |  16.7
     Lair:5 |    3737 |    3759 |  50.1 |      16 |      13 |  44.8
     Lair:6 |    5443 |   10776 |  66.4 |      14 |      37 |  72.5
    Swamp:1 |   17951 |   12903 |  41.8 |      32 |      14 |  30.4
    Swamp:2 |   10532 |       0 |   0.0 |      26 |       0 |   0.0
    Swamp:3 |   16495 |       0 |   0.0 |      39 |       0 |   0.0
    Swamp:4 |   12161 |    7221 |  37.3 |      19 |      28 |  59.6
    Snake:1 |    4728 |    2918 |  38.2 |      12 |       1 |   7.7
    Snake:2 |   14632 |    8783 |  37.5 |      21 |       6 |  22.2
    Snake:3 |   17865 |    3381 |  15.9 |      38 |       2 |   5.0
    Snake:4 |   15513 |   45378 |  74.5 |      24 |      66 |  73.3
      Orc:1 |    1045 |     950 |  47.6 |      19 |       1 |   5.0
      Orc:2 |    3790 |   12582 |  76.9 |      17 |      70 |  80.5
   Vaults:1 |   30451 |   30079 |  49.7 |      48 |      36 |  42.9
   Vaults:2 |   44198 |   28565 |  39.3 |      66 |      49 |  42.6
   Vaults:3 |   32727 |   13037 |  28.5 |      47 |      13 |  21.7
   Vaults:4 |   44883 |   30576 |  40.5 |      75 |      38 |  33.6
   Depths:1 |   26119 |      39 |   0.1 |      41 |       1 |   2.4
   Depths:2 |   44085 |   35124 |  44.3 |      58 |      17 |  22.7
   Depths:3 |   22857 |   32614 |  58.8 |      32 |      23 |  41.8
   Depths:4 |       0 |   18631 | 100.0 |       0 |      15 | 100.0
      Sewer |       0 |     384 | 100.0 |       0 |      60 | 100.0
      IceCv |       0 |    6024 | 100.0 |       0 |      25 | 100.0
            +---------+---------+-------+---------+---------+-------
